 Dungeon Crawl Stone Soup version 0.22.1-1-ga44c0e56f4 (webtiles) character file.

84 Peloso the Shield-Bearer (level 4, -1/40 HPs)
             Began as a Minotaur Fighter on Oct 18, 2018.
             Killed by nerve-wracking pain
             ... invoked by Grinder
              (12 damage)
             ... on level 3 of the Dungeon.
             The game lasted 00:02:45 (1846 turns).

Peloso the Shield-Bearer (Minotaur Fighter)         Turns: 1846, Time: 00:02:46

Health: -1/40      AC:  9    Str: 20    XL:     4   Next: 24%
Magic:  3/3        EV:  7    Int:  5    God:
Gold:   117        SH:  9    Dex: 11    Spells: 3/3 levels left

rFire    . . .     SeeInvis .   a - +0 long sword
rCold    . . .     Gourm    .   c - +0 shield
rNeg     . . .     Faith    .   b - +0 scale mail
rPois    .         Spirit   .   (helmet restricted)
rElec    .         Reflect  .   (no cloak)
rCorr    .         Harm     .   o - +0 pair of gloves (curse)
MR       .....                  h - +0 pair of boots
Stlth    ..........             (no amulet)
HPRegen  0.13/turn              (no ring)
MPRegen  0.08/turn              (no ring)

@: no status effects
A: retaliatory headbutt, horns 2
a: no special abilities


You were on level 3 of the Dungeon.
You were hungry.

You visited 1 branch of the dungeon, and saw 3 of its levels.

You collected 117 gold pieces.

Inventory:

Hand Weapons
 a - a +0 long sword (weapon)
Armour
 b - a +0 scale mail (worn)
 c - a +0 shield (worn)
 h - a +0 pair of boots (worn)
 o - a cursed +0 pair of gloves (worn)
Scrolls
 e - 5 scrolls of enchant weapon {unknown}
 g - 3 scrolls of magic mapping {unknown}
 i - 2 scrolls of remove curse {unknown}
 j - a scroll of identify {unknown}
 l - a scroll of teleportation {unknown}
 q - a scroll of enchant armour {unknown}
 r - a scroll of amnesia {unknown}
 t - a scroll of random uselessness {unknown}
 u - a scroll of fear {unknown}
Potions
 d - a potion of might
 k - a potion of flight {unknown}
 m - a potion of curing {unknown}
 n - a potion of degeneration {unknown}
 p - a potion of invisibility {unknown}
 s - a potion of berserk rage {unknown}
Comestibles
 f - 10 rations


   Skills:
 + Level 4.2 Fighting
 + Level 3.5 Long Blades
 + Level 4.2 Armour
 + Level 4.6 Shields


You had 3 spell levels left.
You didn't know any spells.
Your spell library was empty.

Dungeon Overview and Level Annotations

Branches:
Dungeon (3/15)

Altars:
Nemelex Xobeh

Annotations:
D:3 Grinder


Innate Abilities, Weirdness & Mutations

You reflexively headbutt those who attack you in melee.
You have a pair of horns on your head.


Message History

Grinder barely misses you.
You hit Grinder but do no damage.
Grinder is heavily wounded.
Grinder barely misses you. You furiously retaliate!
You headbutt Grinder! Grinder hits you.
You writhe in agony.
Your scale mail prevents you from hitting Grinder.
Your headbutt misses Grinder.
Grinder is severely wounded.
You block Grinder's attack.
You barely miss Grinder.
Grinder is severely wounded.
Grinder hits you.
You writhe in agony.
* * * LOW HITPOINT WARNING * * *
Your scale mail prevents you from hitting Grinder.
Grinder is severely wounded.
Grinder blinks!
Okay, then.
Grinder gestures at you. Pain shoots through your body!
You die...

#.(...####.##.#
#.#........##.##
#...#.######...#
##.##.#
###...###
###.##.#
#.......#
#...##.#
#.......#
###.####.#
#.......#
.........# #...#
###.###### #.@.#
#†# ##5## #.#
#.# #.# #.# #.#
#.###### #.#
#......# ###.#
######.# ....#
#.# ##### #.#


You could see Grinder.

Vanquished Creatures
  3 gnolls (D:3)
  2 adders (D:2)
  An ooze (D:3)
  A worm (D:2)
  A leopard gecko (D:2)
  An orc (D:3)
  4 goblins
  2 hobgoblins
  5 kobolds
  A ball python (D:3)
  5 bats
  3 frilled lizards
  4 rats
33 creatures vanquished.

Notes
Turn   | Place    | Note
-------+----------+-------------------------------------------
     0 | D:1      | Peloso the Minotaur Fighter began the quest for the Orb.
     0 | D:1      | Reached XP level 1. HP: 19/19 MP: 0/0
   460 | D:1      | Reached XP level 2. HP: 26/27 MP: 1/1
  1140 | D:2      | Reached XP level 3. HP: 24/33 MP: 2/2
  1175 | D:2      | Found a sparkling altar of Nemelex Xobeh.
  1588 | D:3      | Reached XP level 4. HP: 40/40 MP: 3/3
  1830 | D:3      | Noticed Grinder
  1846 | D:3      | Killed from afar by Grinder

Skill      XL: |  1  2 |
---------------+-------+-----
Fighting       | 4 |  4.2
Armour         | 4 |  4.2
Shields        | 4 |  4.6
Long Blades    | 3 |  3.5

Action                   |  1- 3 |  4- 6 || total
-------------------------+-------+-------++-------
Melee: Long sword        |    53 |    25 ||    78
       Headbutt          |    15 |     3 ||    18
  Eat: Chunk             |     1 |     1 ||     2
Armor: Scale mail        |    11 |     9 ||    20
Dodge: Dodged            |    11 |     9 ||    20
Block: Shield            |    28 |    18 ||    46
       Rpst.: Long sword |     4 |       ||     4
